cohdb
Replays
Latest Replays
All Replays
Popular Replays
Top Player Replays
Match Explorer
How It Works
Community
CoH3 Stats
Reddit
Sign in to upload your games and track your stats! →
Sign in with Steam
Match 40600742
Unlisted
Match 40600742
Overview
Messages
Build Orders
End
Selects Airborne Battlegroup
Selects Airborne Battlegroup
Selects Heavy Machine Gun Paradrop
Heavy Machine Gun Paradrop
Construct Barracks
Riflemen Squad
M1 Mortar Team
Riflemen Squad
Riflemen Squad
Air Support Center
Grenade Package
Construct Weapon Support Center
Selects Paratrooper Squad Paradrop
Double Sortie
Selects Anti-tank Gun Team Paradrop
M1918 Browning Automatic Rifles
M3 Armored Personnel Carrier
P-47 Strafing Run
Riflemen Squad
大将军
leão são marinho
Bungtoddy
炸天指挥官李小李
土豆
매일산책안함
Jd577
Watch your back!
0
0
Comments
sign in to comment!
No comments posted yet!